AoeStats
← Burrito

Four Lakes

509362945Analyzed
1v1 RM · 6d ago on Sep 26, 2026· 44m 5s· 2 players
Game mode
Random Map
Map size
Tiny (2 player)
Population
200
Speed
Normal
Resources
Standard
Victory
Conquest
Starting age
Dark Age
Ending age
Imperial Age
RankedLock teamsTeams togetherTeam positionsShared explorationLock speedFull tech treeHidden civsTurbo modeCheats
Victory
Defeat
🇷🇺 Vikings · Russia
870
+17
🇳🇱 Franks · Netherlands
896
-17
zagzug.koltsov
9:33 Feudal Age
11:26 Double-Bit Axe
11:06 Man-at-Arms
11:56 Arson
12:20 Horse Collar
18:56 Forging
21:36 Castle Age
20:21 Stone Mining
21:38 Long Swordsman
22:19 Squires
22:42 Scale Mail Armor
23:56 Gold Mining
24:03 Pikeman
32:27 Imperial Age
30:12 Bow Saw
31:31 Heavy Plow
31:57 Chieftains
31:57 Town Watch
33:51 Iron Casting
33:49 Loom
34:54 Town Patrol
39:43 Two-Man Saw
40:00 Crop Rotation
40:23 Elite Berserk
42:06 Gold Shaft Mining
42:27 Two-Handed Swordsman
Burrito
13:51 Feudal Age
13:40 Loom
14:47 Double-Bit Axe
24:02 Castle Age
24:23 Scale Barding Armor
27:07 Forging
28:15 Gold Mining
31:11 Fishing Lines
36:56 Ballistics
38:16 Murder Holes
41:46 Masonry
42:12 Fishing Lines
42:47 Fletching
Connection lost

Rejoining the realm…

Still unreachable

The connection could not be restored.

Session expired

The server has moved on; the page needs a fresh start.